 Dungeon Crawl Stone Soup version 0.31-a0-208-gdb31a4691d (webtiles) character file.

Game seed: 6844446127452913037

37 Anon1729 the Trooper (level 3, -5/33 HPs)
             Began as a Minotaur Monk on June 28, 2023.
             Slain by a gnoll
             ... wielding a +0 halberd
              (8 damage)
             ... on level 2 of the Dungeon.
             The game lasted 00:00:21 (136 turns).

Anon1729 the Trooper (Minotaur Monk)                 Turns: 136, Time: 00:00:21

Health: -5/33      AC:  2    Str: 17    XL:     3   Next: 23%
Magic:  2/2        EV: 13    Int:  7    God:
Gold:   20         SH:  0    Dex: 12    Spells: 2/2 levels left

rFire   . . .        a - +0 short sword
rCold   . . .        d - orb {light}
rNeg    . . .        b - +0 robe
rPois   .            (helmet restricted)
rElec   .            (no cloak)
rCorr   .            (no gloves)
SInv    .            (no boots)
Will    .....        (no amulet)
Stlth   +            (no ring)
HPRegen 0.25/turn    (no ring)
MPRegen 0.08/turn

%: no passive effects
@: glowing
A: horns 2, retaliatory headbutt
a: no special abilities


You were on level 2 of the Dungeon.
You visited 1 branch of the dungeon, and saw 2 of its levels.

You collected 20 gold pieces.

Inventory:

Hand Weapons
 a - a +0 short sword (weapon)
Armour
 b - a +0 robe (worn)
 d - an orb of light (worn)
Potions
 c - a potion of ambrosia
 e - a potion of invisibility {unknown}
 f - a potion of enlightenment {unknown}


   Skills:
 + Level 4.0 Fighting
 + Level 3.6 Short Blades
 + Level 1.3 Armour
 + Level 3.6 Dodging
 + Level 1.1 Invocations


You had 2 spell levels left.
You didn't know any spells.
Your spell library was empty.

Dungeon Overview and Level Annotations

Branches:
Dungeon (1/15)

Altars:


Innate Abilities, Weirdness & Mutations

You have a pair of horns on your head.
You reflexively headbutt those who attack you in melee.


Message History

You headbutt the gnoll, but do no damage.
The gnoll is lightly wounded.
A goblin comes into view. It is wielding a +0 club.
The gnoll misses you. The gnoll closely misses you.
The goblin shouts!
You hit the gnoll.
The gnoll is moderately wounded.
You hit the gnoll but do no damage.
The gnoll is moderately wounded.
The gnoll hits you with a +0 whip.
* * * LOW HITPOINT WARNING * * *
The gnoll misses you.
You barely miss the gnoll.
The gnoll is moderately wounded.
The gnoll hits you but does no damage.
The gnoll hits you from afar with a +0 halberd.
* * * LOW HITPOINT WARNING * * *
You completely miss the gnoll. You headbutt the gnoll.
The gnoll is moderately wounded.
The gnoll hits you with a +0 whip.
* * * LOW HITPOINT WARNING * * *
The gnoll completely misses you.
You hit the gnoll. You headbutt the gnoll!
You kill the gnoll!
The gnoll hits you but does no damage.
Your Fighting skill increases to level 4!
Your Invocations skill increases to level 1!
You have reached level 3!
Your experience leads to an increase in your attributes!
Increase (S)trength, (I)ntelligence, or (D)exterity?
You feel stronger. x2
The goblin hits you with a +0 club.
* * * LOW HITPOINT WARNING * * *
The gnoll misses you.
You closely miss the goblin. The goblin closely misses you.
The gnoll closely misses you.
You hit the goblin. You headbutt the goblin.
You kill the goblin!
The gnoll hits you with a +0 halberd!
You die...

......).##....#
.....##..)###.######
... #...###......####
. ##.........#....#
##.###.#......#.....#
.........†..........#
..###...........#####
............g.##
.............@.#
.####..........#
#..........#
#...........#
...########..# ....
....# ....# ...#


You could see a gnoll.

Vanquished Creatures
  3 gnolls (D:2)
  A dart slug (D:1)
  An endoplasm (D:1)
  A giant cockroach (D:2)
  A goblin (D:2)
  A quokka (D:1)
8 creatures vanquished.

Notes
Turn   | Place    | Note
-------+----------+-------------------------------------------
     0 | D:1      | Anon1729 the Minotaur Monk began the quest for the Orb.
     0 | D:1      | Reached XP level 1. HP: 19/19 MP: 0/0
    82 | D:1      | You fall into a shaft and drop 1 floor!
   104 | D:2      | Reached skill level 1 in Armour
   104 | D:2      | Reached XP level 2. HP: 27/27 MP: 1/1
   119 | D:2      | HP: 1/27 [gnoll/+0 whip (1)]
   121 | D:2      | Reached skill level 4 in Fighting
   121 | D:2      | Reached skill level 1 in Invocations
   121 | D:2      | Reached XP level 3. HP: 2/33 MP: 2/2
   136 | D:2      | Slain by a gnoll

Illustrated notes

Levels and vault maps discovered:
D:1:      onia_arrival_mini_spirals, layout_rooms
D:2:      layout_rooms

Skill      XL: |  1  2 |
---------------+-------+-----
Armour         | 1 |  1.3
Fighting       | 4 |  4.0
Invocations    | 1 |  1.1
Short Blades   | |  3.6
Dodging        | |  3.6

Action                     || total
---------------------------++-------
  Melee: Short sword       ||    26
         Headbutt          ||    11
 Armour: Robe              ||     2
  Dodge: Dodged            ||    18

Table legend: (Time is in decaauts)
 A = Elapsed time spent in this place.
 B = Non-inter-level travel time spent in this place.
 C = Inter-level travel time spent in this place.
 D = Time resting spent in this place.
 E = Time spent auto-exploring this place.
 F = Levels seen in this place.
 G = Mean time per level.
                   A        B        C        D        E       F      G
               +--------+--------+--------+--------+--------+-----+--------+
         Total |    131 |    131 |      0 |      0 |     71 |   2 |   65.5 |
       Dungeon |    131 |    131 |      0 |      0 |     71 |   2 |   65.5 |
               +--------+--------+--------+--------+--------+-----+--------+

Top non-repeatable levels by time:
     D:1: 81 daAuts
     D:2: 50 daAuts
